woodfighter, chaotic female giant Ranger ---- ----..|----- --- |[...)|.--.---.--- --..[.%*...@|....---- ---......*aa.......-- |.....--..........| ---...------........| |.....| ----..---- -...|.| ---- |...-|.| --.. |.. --- --- woodfighter the Ranger Experience level: 8 Strength: 24 Dexterity: 16 Constitution: 18 Intelligence: 13 Wisdom: 14 Charisma: 7 Health: 0(67) Energy: 26(26) Def: 15 Gold: 0 Moves: 18567 Dungeon seed [set]: Game ID: woodfighter_1678375299 Your Inventory: Weapons a - an uncursed +2 sling (weapon in hand) Armor g - an uncursed rotted +0 pair of high boots (being worn) O - a blessed +0 orcish cloak (being worn) Y - a blessed +1 large shield (being worn) Comestibles c - an uncursed cram ration Wands d - an uncursed wand of digging (0:3) f - an uncursed wand of teleportation (0:3) Tools j - an uncursed towel s - an uncursed sack y - an uncursed bronze key M - an uncursed +0 pick-axe W - a blessed brass lantern (0:1181) Gems n - 3 uncursed silver nuggets B - 22 uncursed flints (in quiver) Boulders/Statues l - an uncursed boulder q - an uncursed boulder x - an uncursed boulder D - an uncursed boulder P - an uncursed boulder S - an uncursed boulder Contents of the sack: an uncursed [+0] mummy wrapping 2 uncursed sprigs of wolfsbane an uncursed ring of levitation Spells and supernatural/magical abilities: Name Level Category Fail Memory W - pray for help -- divine ? -- Your skills at the end: Miscellaneous Skills shield [Skilled] wands [Basic] Weapon Skills two-handed sword [Basic] sling [Basic] Spellcasting Skills Final Attributes: You were devoutly aligned. You were telepathic. You had automatic searching. You had infravision. You were somewhat stealthy. You were lucky. You are dead (2nd time!). Vanquished creatures: a ghost 2 giant mimics a large dog 5 giant beetles a giant spider 2 horses a vampire bat a gnome king an orc mummy a brown pudding a gold golem a jaguar 2 dwarf lords a water nymph a raven a human zombie 2 rope golems a soldier ant a wood nymph 2 Uruk-hai a rock mole 2 rock piercers 2 ponies 2 fog clouds 3 shriekers a violet fungus 2 gnome lords a gnomish wizard 2 kobold mummies a gray ooze 2 ghouls 2 straw golems 6 giant ants a puppy 4 floating eyes 4 dwarves a quasit 2 kobold shamans 2 iguanas 2 hill orcs 7 rothes a rabid rat 3 centipedes 4 jitterbugs 3 giant bats 3 monkeys a dwarf zombie 2 wererats 9 coyotes 3 gas spores 2 hobbits 3 acid blobs 3 large kobolds 7 geckos a hobgoblin 6 giant rats 6 cave spiders 2 brown molds 2 yellow molds a green mold a red mold 8 gnomes 2 garter snakes 14 manes 2 gnome zombies 6 jackals 2 foxes 4 kobolds 10 newts a goblin 11 sewer rats 7 grid bugs 2 bats 8 lichens 219 creatures vanquished. Voluntary challenges: You did not cause conflict. You were not invisible. You did not have reflection. You were not displaced. You did not donate to any temples.. You never hit with a wielded weapon. You did not apply a unicorn horn. You did not use plumbed fixtures. You did not drink any magical draughts. You read items or engraved 1 time, starting on turn 8678. You never genocided any monsters. You never polymorphed an object. You changed form 1 time, starting on turn 6255. You cheated 1 time but completed Sokoban on turn 14908. You used no wishes. You did not use any artifacts. You never split a pudding. You never wrote Elbereth's name. You never violated your personal moral code. You enabled loading special bones files. Dungeon overview: The Dungeons of Doom: levels 1 to 9 Level 1 (water + box) an altar to Mercury a long staircase Level 2 (box) a general store Level 3 an altar to Venus, a sink, a bench stairs to The Gnomish Mines Level 4 (box) a fountain Level 5 (stash) some fountains Level 6 (white unicorn) a vault, a fountain Level 7 many fountains Level 8 (box + vault) a vault, a fountain, a bench stairs to Sokoban Level 9 The Gnomish Mines: levels 4 to 5 Level 4 stairs to The Dungeons of Doom Level 5 <- You were here Sokoban: levels 4 to 7 Level 4 (black unicorn) a magic chest Level 5 Level 6 Level 7 an altar to Venus, a magic chest stairs to The Dungeons of Doom History has recorded: On T:1 you entered the Dungeons of Doom to retrieve the Amulet of Yendor! On T:440 you reached level 2 of The Dungeons of Doom. On T:670 you reached level 3 of The Dungeons of Doom. On T:754 you advanced to experience level 2. On T:1638 you reached level 1 of The Gnomish Mines. On T:1754 you advanced to experience level 3. On T:2107 you advanced to experience level 4. On T:2390 you reached level 4 of The Dungeons of Doom. On T:2592 you reached level 5 of The Dungeons of Doom. On T:3447 you advanced to experience level 5. On T:3502 you reached level 6 of The Dungeons of Doom. On T:4432 you advanced to experience level 6. On T:4814 you reached level 7 of The Dungeons of Doom. On T:6256 you prayed to Mars. On T:6613 you reached level 8 of The Dungeons of Doom. On T:6768 you advanced to experience level 7. On T:7862 you reached level 9 of The Dungeons of Doom. On T:8104 you reached level 4 of Sokoban. On T:8673 you opened a magic chest. On T:10464 you reached level 3 of Sokoban. On T:11072 you reached level 2 of Sokoban. On T:12608 you prayed to Mars. On T:12799 you reached level 1 of Sokoban. On T:13070 you advanced to experience level 8. On T:14120 you were saved from death by your amulet of life saving! On T:14908 you entered the Sokoban zoo. On T:16616 you reached level 2 of The Gnomish Mines. Score breakdown: Gold: 0 ( 0 points) Experience: 8 levels ( 700 points) Exploration: 9 levels ( 240 points) Discoveries: 12 items ( 600 points) Variety of kills: 74 monsters ( 2000 points) Major goal: finished Sokoban ( 1000 points) Survival: died (score multiplied by 3) Total score: 13620 Latest messages: The soldier ant misses. The soldier ant stings! The soldier ant misses. The soldier ant just misses! The soldier ant misses. The soldier ant stings! The soldier ant misses. (2x) The soldier ant bites! The soldier ant stings! The soldier ant bites! The soldier ant stings! You shoot 2 flints. The 1st flint hits the soldier ant. The 2nd flint hits the soldier ant! You kill the soldier ant! The soldier ant bites! The soldier ant misses. (3x) The flint hits the soldier ant. The soldier ant bites! The soldier ant misses. (2x) The soldier ant stings! The soldier ant misses. The soldier ant stings! The soldier ant's sting was poisoned! You die... Final status: Goodbye woodfighter the Ranger, poisoned by a soldier ant... You died in The Gnomish Mines on dungeon level 5 with 13620 points, and 0 pieces of gold, after 18567 moves. You were level 8 with a maximum of 67 hit points when you died.